 Dungeon Crawl Stone Soup version 0.29.1-1-gd02db6906a (webtiles) character file.

Game seed: 9462669690698170917

84 styxcanada the Sneak (level 4, -11/23 HPs)
             Began as a Spriggan Brigand on Oct 17, 2022.
             Killed from afar by Ijyb (17 damage)
             ... with an iceblast
             ... on level 3 of the Dungeon.
             The game lasted 00:06:56 (1655 turns).

styxcanada the Sneak (Spriggan Brigand)             Turns: 1655, Time: 00:06:56

Health: -11/23     AC:  3    Str:  7    XL:     4   Next: 24%
Magic:  5/5        EV: 17    Int: 12    God:
Gold:   190        SH:  0    Dex: 18    Spells: 3/4 levels left

rFire   . . .      SeeInvis +   i - +2 short sword (freeze)
rCold   . . .      Faith    .   (no shield)
rNeg    . . .      Spirit   .   b - +0 robe
rPois   .          Reflect  .   (helmet restricted)
rElec   .          Harm     .   c - +0 cloak
rCorr   .          Rampage  .   (gloves unavailable)
Will    .....                   (boots unavailable)
Stlth   ++++......              (no amulet)
HPRegen 0.07/turn               (no ring)
MPRegen 0.09/turn               (no ring)

@: very quick
A: very small, no large weapons, unfitting armour, see invisible, speed 3
a: no special abilities


You were on level 3 of the Dungeon.
You visited 1 branch of the dungeon, and saw 3 of its levels.

You collected 190 gold pieces.

Inventory:

Hand Weapons
 a - a +2 dagger
 i - a +2 short sword of freezing (weapon)
 m - a +0 sling
Missiles
 d - 18 poisoned darts (quivered)
 e - 8 curare-tipped darts
 g - 23 stones
Armour
 b - a +0 robe (worn)
 c - a +0 cloak (worn)
Jewellery
 l - an amulet of faith
Scrolls
 j - 2 scrolls of teleportation
 k - a scroll of amnesia {unknown}
Potions
 f - a potion of haste
 h - 3 potions of curing
 n - a potion of invisibility {unknown}


   Skills:
 * Level 1.8 Fighting
 + Level 2.5 Short Blades
 + Level 2.2 Throwing
 * Level 2.3 Dodging
 * Level 7.5 Stealth
 * Level 0.6 Spellcasting
 * Level 0.1 Conjurations


You had 3 spell levels left.
You knew the following spells:

 Your Spells              Type           Power      Damage    Failure   Level
a - Foxfire               Conj/Fire      0%         2x1d4     30%         1

Your spell library contained the following spells:

 Spells                   Type           Power      Damage    Failure   Level
 Apportation              Tloc           0%         N/A       32%         1
 Sandblast                Erth           0%         2d4       32%         1
 Passwall                 Tmut/Erth      0%         N/A       43%         2
 Sublimation of Blood     Necr           0%         N/A       43%         2
 Conjure Flame            Conj/Fire      0%         6-21      65%         3
 Inner Flame              Hex/Fire       0%         N/A       67%         3
 Stone Arrow              Conj/Erth      0%         3d7       67%         3
 Flame Wave               Conj/Fire      0%         2d4       96%         4
 Petrify                  Tmut/Erth      0%         N/A       97%         4
 Alistair's Intoxication  Tmut/Pois      0%         N/A       100%        5
 Irradiate                Conj/Tmut      0%         3d11      100%        5


Dungeon Overview and Level Annotations

Branches:
Dungeon (3/15)

Altars:
Dithmenos
Kikubaaqudgha

Annotations:
D:3 Ijyb


Innate Abilities, Weirdness & Mutations

You are very small and have problems with some larger weapons.
You are too small for most types of armour.
You have supernaturally acute eyesight. (SInv)
You cover ground extremely quickly. (Speed+++)


Message History

You feel strangely unstable.
It was a scroll of teleportation.
You start waiting.
Your surroundings suddenly seem different.
Found a short sword.
A ball python and a frilled lizard come into view.
The frilled lizard hisses angrily.
The ball python hisses angrily.
You barely miss the ball python. The ball python barely misses you. x2
You puncture the ball python! You freeze the ball python.
You kill the ball python!
The frilled lizard barely misses you.
You hit the frilled lizard. You freeze the frilled lizard.
You kill the frilled lizard!
Found a spear.
You see here a +0 short sword.
You see here a +0 spear.
Ijyb the Twisted Goblin comes into view.
She is wielding a +0 club and carrying a wand of iceblast (8).
Ijyb hits you with a +0 club.
You hit Ijyb. You freeze Ijyb.
Ijyb is moderately wounded.
Ijyb closely misses you.
You hit Ijyb but do no damage.
Ijyb is moderately wounded.
Ijyb misses you.
You hit Ijyb but do no damage.
Ijyb is moderately wounded.
Ijyb hits you with a +0 club.
You hit Ijyb but do no damage.
Ijyb is moderately wounded.
Ijyb hits you with a +0 club.
You hit Ijyb but do no damage.
Ijyb is moderately wounded.
Ijyb misses you.
You hit Ijyb but do no damage.
Ijyb is moderately wounded.
Ijyb screams, "Get away!"
Ijyb hits you with a +0 club.
* * * LOW HITPOINT WARNING * * *
Ijyb zaps a wand.
The mass of ice explodes!
The iceblast engulfs you!
Ouch! That really hurt!
You die...

####### #.....#
######.###.#######
#......# #........
#.####)###.##.....
###@#
#...).##.####
#g..# ########.#
#.#....... #.#
#...###### ...
##..# #.. .... #.#
#... ....# ..#


You could see Ijyb.

Vanquished Creatures
  2 adders (D:2)
  2 worms
  2 dart slugs (D:1)
  3 ball pythons
  5 endoplasms
  6 giant cockroaches
  5 goblins
  4 hobgoblins
  4 quokkas
  8 bats
  3 frilled lizards
  2 kobolds
  6 rats
52 creatures vanquished.

Notes
Turn   | Place    | Note
-------+----------+-------------------------------------------
     0 | D:1      | styxcanada the Spriggan Brigand began the quest for the
                  | Orb.
     0 | D:1      | Reached XP level 1. HP: 10/10 MP: 2/2
    34 | D:1      | Reached skill level 6 in Stealth
   105 | D:1      | Reached XP level 2. HP: 12/15 MP: 3/3
   164 | D:1      | Found a faded altar of an unknown god.
   612 | D:1      | Reached XP level 3. HP: 11/18 MP: 4/4
   810 | D:1      | Reached skill level 7 in Stealth
  1041 | D:2      | Reached XP level 4. HP: 15/23 MP: 5/5
  1043 | D:2      | Learned a level 1 spell: Foxfire
  1151 | D:2      | Found an ancient bone altar of Kikubaaqudgha.
  1488 | D:3      | Found a shadowy altar of Dithmenos.
  1647 | D:3      | Noticed Ijyb
  1655 | D:3      | Killed from afar by Ijyb

Illustrated notes

Levels and vault maps discovered:
D:1:      amcnicky_arrival_double_pillar, layout_basic,
          shapermc_ecumenical_altar_notcrosses
D:2:      minmay_wonky_spiral, layout_basic, basic_altar
D:3:      layout_loops_ring, mainiacjoe_overflow_catwalk_spiral, uniq_ijyb

Skill      XL: |  1  2  3 |
---------------+----------+-----
Stealth        | 6 7 |  7.5
Dodging        | 2 |  2.3
Fighting       | |  1.8
Short Blades   | |  2.5
Throwing       | |  2.2
Spellcasting   | |  0.6
Conjurations   | |  0.1

Action                   |  1- 3 |  4- 6 || total
-------------------------+-------+-------++-------
Melee: Dagger            |    16 |       ||    16
       Punch             |     1 |       ||     1
       Short sword       |    70 |    35 ||   105
Throw: Dart              |     7 |     5 ||    12
  Use: Scroll            |     2 |     1 ||     3
 Stab: Sleeping          |    14 |     5 ||    19
Armor: Robe              |    10 |     2 ||    12
Dodge: Dodged            |    52 |    25 ||    77
